 Dungeon Crawl Stone Soup version 0.26.0-10-g1f06aea511 (webtiles) character file.

Game seed: 13823856549491648783

606 Borgoz the Slasher (level 7, 0/59 HPs)
             Began as a Ghoul Gladiator on Jan 18, 2021.
             Slain by an orc wizard
             ... wielding a +0 dagger
              (1 damage)
             ... on level 5 of the Dungeon.
             The game lasted 00:05:19 (5070 turns).

Borgoz the Slasher (Ghoul Gladiator)                Turns: 5070, Time: 00:05:20

Health: 0/59       AC:  6    Str: 18    XL:     7   Next: 42%
Magic:  6/6        EV: 10    Int:  3    God:
Gold:   287        SH:  9    Dex: 12    Spells: 6/6 levels left

rFire    . . .     SeeInvis .   a - +0 long sword
rCold    + . .     Faith    .   e - +2 kite shield
rNeg     + + +     Spirit   .   b - +0 leather armour
rPois    ∞         Reflect  .   g - +2 hat
rElec    .         Harm     .   (no cloak)
rCorr    .         Rampage  .   h - +0 pair of gloves
Will     .....                  (no boots)
Stlth    +.........             (no amulet)
HPRegen  0.00/turn              (no ring)
MPRegen  0.10/turn              (no ring)

@: slowed, very slow
A: claws 1, cold resistance 1, negative energy resistance 3, inhibited
regeneration, torment resistance, unbreathing
a: no special abilities


You were on level 5 of the Dungeon.
You visited 1 branch of the dungeon, and saw 6 of its levels.

You collected 287 gold pieces.

Inventory:

Hand Weapons
 a - a +0 long sword (weapon)
Missiles
 d - a throwing net (quivered)
Armour
 b - a +0 leather armour (worn)
 e - a +2 kite shield (worn)
 g - a +2 hat (worn)
 h - a +0 pair of gloves (worn)
Jewellery
 k - an uncursed ring of ice
Wands
 m - a wand of iceblast (4)
Scrolls
 c - 3 scrolls of fear
 f - 4 scrolls of remove curse
 i - a scroll of amnesia {unknown}
Potions
 j - a potion of brilliance
 l - a potion of flight


   Skills:
 + Level 4.0 Fighting
 * Level 4.8 Long Blades
 - Level 1.7 Throwing
 * Level 3.8 Armour
 * Level 4.0 Dodging


You had 6 spell levels left.
You didn't know any spells.
Your spell library was empty.

Dungeon Overview and Level Annotations

Branches:
Dungeon (6/15)
 Temple: D:4-7

Altars:

Annotations:
D:4 3 runed translucent doors, Eustachio; dohliylev's ghost, amateur GrFi


Innate Abilities, Weirdness & Mutations

You thrive by killing the living.
You are immune to poison.
You have sharp fingernails.
Your flesh is cold resistant. (rC+)
You are immune to negative energy. (rN+++)
You do not regenerate when monsters are visible.
You are immune to unholy pain and torment.
You can survive without breathing.


Message History

The orc wizard blinks!
The worker ant barely misses you.
You hit the worker ant.
The worker ant is severely wounded.
You block the worker ant's attack. The worker ant bites you.
* * * LOW HITPOINT WARNING * * *
You hit the worker ant.
The worker ant is severely wounded.
The orc wizard hits you but does no damage.
You block the worker ant's attack.
The orc wizard points at you and mumbles some strange words.
You feel yourself slow down.
You hit the worker ant but do no damage.
The worker ant is severely wounded.
The orc wizard hits you but does no damage.
The worker ant closely misses you.
You riposte.
You hit the worker ant.
You kill the worker ant!
The sky beast flickers out of sight!
The orc wizard casts a spell.
The orc wizard blinks!
Something hits you.
You die...

.....'.........'.......#.#
..####.........####...##.#
.## ##.......## ##.###.#
.# ##.....## ### #<# .#
##...######### #.# .#
##...#........# #.#
.######.##...######.####.#
..........)..######{.....#
#######.#......§@†.{.#####
##........###.o#
#......#.# #..#
##.....#.###..#
##.#..#......#
#.#........## #.##.#####.#
#.##.#####.# ########
#.##.......#


You could see an orc wizard (fast).

Vanquished Creatures
  Prince Ribbit (D:5)
  A bullfrog (D:3)
  A scorpion (D:5)
  A centaur skeleton (D:5)
  An iguana (D:5)
  4 worker ants
  6 adders
  A river rat (D:5)
  A white imp (D:5)
  2 ufetubi (D:5)
  A worm (D:3)
  3 dart slugs
  4 leopard geckos
  7 orcs
  A ball python (D:2)
  6 bats
  4 giant cockroaches
  3 goblins
  5 hobgoblins
  5 jackals
  4 frilled lizards
  11 kobolds
  3 rats
76 creatures vanquished.

Notes
Turn   | Place    | Note
-------+----------+-------------------------------------------
     0 | D:1      | Borgoz the Ghoul Gladiator began the quest for the Orb.
     0 | D:1      | Reached XP level 1. HP: 17/17 MP: 0/0
   185 | D:1      | Reached XP level 2. HP: 21/24 MP: 1/1
   762 | D:2      | Reached skill level 1 in Armour
   796 | D:2      | Reached XP level 3. HP: 30/30 MP: 2/2
  1256 | D:2      | Reached XP level 4. HP: 17/37 MP: 3/3
  1970 | D:3      | Reached XP level 5. HP: 8/44 MP: 4/4
  2864 | D:4      | Got a transparent jade ring
  2865 | D:4      | Identified the ring "Gaca" {rN++ Stlth+} (You found it on
                  | level 4 of the Dungeon)
  2902 | D:4      | Reached XP level 6. HP: 28/51 MP: 5/5
  3095 | D:4      | Noticed Eustachio
  3490 | D:4      | Found a runed translucent gate.
  3490 | D:4      | Found a runed translucent gate.
  3491 | D:4      | Found a runed translucent gate.
  3495 | D:4      | Noticed dohliylev's ghost (amateur GrFi)
  3766 | D:4      | Noticed a phantom
  3768 | D:5      | Entered Level 5 of the Dungeon
  4440 | D:5      | Noticed Prince Ribbit
  4457 | D:5      | Killed Prince Ribbit
  4458 | D:5      | Reached XP level 7. HP: 20/58 MP: 6/6
  5068 | D:5      | HP: 1/59 [worker ant (6)]
  5070 | D:5      | Slain by an orc wizard

Illustrated notes

Levels and vault maps discovered:
D:1:      dpeg_arrival_oval, layout_basic
D:2:      layout_loops_ring, minmay_surrounded
D:3:      layout_basic
D:4:      layout_rooms, gammafunk_ghost_split, uniq_eustachio
D:5:      layout_loops_corners, gup_sewer_entry_spiral, uniq_prince_ribbit1
D:6:      layout_cave_pools, minmay_temple_entry_offerings, serial_shops, shop

Skill      XL: |  1  2  3  4  5  6  7 |
---------------+----------------------+-----
Long Blades    | 3 4 |  4.8
Armour         | 1 2 3 |  3.8
Dodging        | 3 4 |  4.0
Fighting       | 3 4 |  4.0
Throwing       | |  1.7

Action                   |  1- 3 |  4- 6 |  7- 9 || total
-------------------------+-------+-------+-------++-------
Melee: Long sword        |   106 |   202 |    65 ||   373
Throw: Throwing net      |       |     4 |     1 ||     5
Evoke: Wand              |       |     4 |       ||     4
  Use: Scroll            |     4 |     2 |       ||     6
       Potion            |     4 |       |     2 ||     6
Armor: Leather armour    |    42 |    96 |    13 ||   151
Dodge: Dodged            |    43 |   114 |    33 ||   190
Block: Kite shield       |    72 |   113 |    32 ||   217
       Rpst.: Long sword |    13 |    21 |    10 ||    44
